Blackdemons vs Staline
Created - 18 février 2017 at 21:49
Goals
|
| Blackdemons |
4 |
1 |
3 |
8 |
| Staline |
2 |
2 |
1 |
5 |
|
Shots
|
| Blackdemons |
10 |
12 |
19 |
41 |
| Staline |
13 |
8 |
4 |
25 |
|
1st period
1. Blackdemons , Bryan Rust 5 (Blake Pietila, Ben Maxwell) at 9:28
2. Blackdemons , Andreas Martinsen 14 (Igor Makarov, Steve Oleksy) at 12:16
3. Staline , James Sheppard 12 (Philip Larsen, Danny Kristo) at 12:52
4. Staline , Nick Spaling 23 (David Desharnais) at 15:26 (SH)
5. Blackdemons , Igor Makarov 25 (Andreas Martinsen, Kyle Rau) at 18:42
6. Blackdemons , Patrice Cormier 5 (Andrew MacDonald) at 19:38 (PP)
Penalties :
Keith Yandle (StJ) for Roughing (Double Minor) at 13:56, Cody Eakin (StJ) for Roughing (Minor) at 19:30
2nd period
7. Staline , Matt Pettinger 30 (David Desharnais) at 5:57
8. Blackdemons , Dan Bertram 7 (Patrice Cormier, Andrew MacDonald) at 12:17
9. Staline , Corey Trivino 11 (Keith Yandle, Brandon Burlon) at 14:31 (PP)
Penalties :
Jon Merrill (StJ) for Hooking (Minor) at 7:07, Dan Bertram (MJM) for Hooking (Minor) at 12:32
3rd period
10. Blackdemons , Dan Bertram 8 (Patrice Cormier, Calvin de Haan) at 8:52
11. Staline , Barclay Goodrow 1 (Brandon Mashinter, Brandon Burlon) at 10:04
12. Blackdemons , Igor Makarov 26 (Matt Hunwick, Steve Oleksy) at 16:59
13. Blackdemons , Dan Bertram 9 (Patrice Cormier, Oscar Klefbom) at 17:13
Penalties :
Keith Yandle (StJ) for Hooking (Minor) at 3:59, Barclay Goodrow (StJ) for Boarding (Minor) at 11:45, Blake Pietila (MJM) for Holding (Minor) at 14:29
Goalie Stats
Sebastien Caron (MJM), 20 saves from 25 shots - (0,800), W, 15-19-2, 60:00 minutes
Allen York (StJ), 6 saves from 10 shots - (0,600), 19:38 minutes
Joni Ortio (StJ), 27 saves from 31 shots - (0,871), L, 2-1-2, 40:22 minutes
Players Stats for Blackdemons
Player Name G A P +/- PIM S H SB GA TA FO MP PP MP PK MP
------------------------------------------------------------------------------------
Andreas Martinsen 1 1 2 1 0 2 1 0 0 0 1/2 18:45 4:29 1:08
Andrew MacDonald 0 2 2 -1 0 6 4 2 0 0 0/0 20:56 5:49 1:28
Ben Maxwell 0 1 1 2 0 2 0 0 0 0 2/4 12:41 0:19 2:09
Blake Pietila 0 1 1 2 2 1 1 0 0 1 1/1 9:33 0:00 0:00
Bryan Rust 1 0 1 1 0 2 0 1 0 0 0/0 9:49 0:00 0:46
Calvin de Haan 0 1 1 0 0 3 1 0 1 2 0/0 18:28 4:15 0:00
Dan Bertram 3 0 3 1 2 7 1 1 0 0 2/3 20:24 5:16 0:00
Igor Makarov 2 1 3 2 0 4 2 0 2 0 1/1 20:06 4:29 1:58
Keaton Ellerby 0 0 0 1 0 0 0 0 1 1 0/0 24:17 4:15 1:28
Kyle Rau 0 1 1 1 0 2 1 0 0 0 7/13 17:37 4:29 0:00
Matt Hunwick 0 1 1 3 0 0 0 1 0 1 0/0 16:15 0:00 2:30
Max Friberg 0 0 0 -1 0 1 0 0 0 1 0/0 8:22 0:18 0:00
Oscar Klefbom 0 1 1 0 0 2 1 2 0 1 0/0 23:49 5:49 0:00
Patrice Cormier 1 3 4 1 0 4 2 0 0 0 13/31 21:15 5:17 0:46
Scott Timmins 0 0 0 -1 0 1 0 0 1 0 1/2 9:31 0:18 1:09
Scott Wilson 0 0 0 -1 0 0 2 0 0 0 0/0 7:28 0:00 0:00
Sergei Plotnikov 0 0 0 1 0 4 1 1 0 1 1/3 20:29 5:17 0:00
Steve Oleksy 0 2 2 3 0 0 2 2 0 0 0/0 16:15 0:00 2:30
Players Stats for Staline
Player Name G A P +/- PIM S H SB GA TA FO MP PP MP PK MP
------------------------------------------------------------------------------------
Barclay Goodrow 1 0 1 -1 2 1 0 0 0 0 0/0 7:52 0:04 0:00
Brandon Burlon 0 2 2 2 0 0 1 1 0 1 0/0 20:34 1:30 3:29
Brandon Mashinter 0 1 1 -1 0 0 0 1 1 0 1/2 7:04 0:00 0:00
Bryan Bickell 0 0 0 -1 0 0 2 0 1 0 0/0 9:18 0:00 2:14
Cody Eakin 0 0 0 -2 2 4 2 0 0 0 3/8 13:15 1:47 0:00
Corey Trivino 1 0 1 -1 0 1 1 0 1 0 2/6 10:43 0:10 0:00
Danny Kristo 0 1 1 -1 0 2 0 2 0 0 0/0 10:29 0:00 0:00
David Desharnais 0 2 2 1 0 2 1 0 1 0 14/30 21:42 1:49 2:58
Dustin Kohn 0 0 0 -3 0 2 0 3 0 0 0/0 16:43 1:30 4:55
James Sheppard 1 0 1 -1 0 2 2 1 0 0 1/1 13:25 0:28 1:59
Jon Merrill 0 0 0 2 2 1 0 4 1 1 0/0 18:39 0:00 4:07
Keith Yandle 0 1 1 -2 6 1 1 2 0 1 0/0 24:49 2:28 1:02
Matt Pettinger 1 0 1 0 0 2 1 0 0 0 6/8 22:31 2:01 5:01
Nick Spaling 1 0 1 -1 0 4 5 0 1 1 1/2 17:37 1:47 2:58
Philip Larsen 0 1 1 -3 0 0 0 0 0 0 0/0 9:55 0:00 0:51
Steven Goertzen 0 0 0 0 0 2 4 1 1 0 1/1 22:28 2:01 4:58
Stu Bickel 0 0 0 -2 0 0 1 4 1 1 0/0 29:31 2:28 5:44
Tobias Rieder 0 0 0 -2 0 1 1 0 0 0 2/2 13:16 1:47 0:00
3 Stars
1 - Igor Makarov (MJM)
2 - Dan Bertram (MJM)
3 - Patrice Cormier (MJM)
Power Play
Blackdemons - 1 on 6 Attempt(s) - 16,67%
Staline - 1 on 2 Attempt(s) - 50,00%
Penalty Kill
Blackdemons - 1 on 2 Attempt(s) - 50,00%
- Score 0 goal in Penalty Kill
Staline - 5 on 6 Attempt(s) - 83,33%
- Score 1 goal in Penalty Kill
Team Stat
Blackdemons - Hits : 19 - Faceoff Wins : 29 - Blocked Shots : 10 - Penalty Minutes : 4
Staline - Hits : 22 - Faceoff Wins : 31 - Blocked Shots : 19 - Penalty Minutes : 12
Official
Referees : Rooney Chris and Leggo Mike
Linesman : Mike Cvik and Scott Driscoll
Game Notes
Joni Ortio enters game at 19:38 of 1st period
Dan Bertram has scored a Hat Trick!
Finance
Level 1 -- Attendance: 1541 (77,05%) -- Ticket Income 53 935 $
Level 2 -- Attendance: 741 (74,10%) -- Ticket Income 11 115 $
Total Attendance: 2282 (76,07%)
Total Ticket Income: 65 050 $
Other Income: 3 252 $
Total Income: 68 302 $
Blackdemons
5 vs 5 Forward
Center Left Wing Right Wing Time % Phy DF OF
1 Patrice Cormier Sergei Plotnikov Dan Bertram 40 1 2 2
2 Kyle Rau Andreas Martinsen Igor Makarov 30 1 2 2
3 Ben Maxwell Blake Pietila Bryan Rust 20 1 2 2
4 Scott Timmins Scott Wilson Max Friberg 10 1 2 2
5 vs 5 Defense
Defense Defense Time % Phy DF OF
1 Oscar Klefbom Keaton Ellerby 40 1 2 2
2 Andrew MacDonald Calvin de Haan 30 1 2 2
3 Matt Hunwick Steve Oleksy 20 1 2 2
4 Matt Hunwick Steve Oleksy 10 1 2 2
PowerPlay Forward
Center Left Wing Right Wing Time % Phy DF OF
1 Patrice Cormier Sergei Plotnikov Dan Bertram 60 1 2 2
2 Kyle Rau Andreas Martinsen Igor Makarov 40 1 2 2
PowerPlay Defense
Defense Defense Time % Phy DF OF
1 Oscar Klefbom Andrew MacDonald 60 1 2 2
2 Calvin de Haan Keaton Ellerby 40 1 2 2
Penalty Kill 4 Players Forward
Center Wing Time % Phy DF OF
1 Ben Maxwell Igor Makarov 60 1 2 2
2 Patrice Cormier Bryan Rust 40 1 2 2
Penalty Kill 4 Players Defense
Defense Defense Time % Phy DF OF
1 Matt Hunwick Steve Oleksy 60 1 2 2
2 Andrew MacDonald Keaton Ellerby 40 1 2 2
Penalty Kill - 3 Players Forward
Forward Time % Phy DF OF
1 Ben Maxwell 60 1 2 2
2 Patrice Cormier 40 1 2 2
Penalty Kill - 3 Players Defense
Defense Defense Time % Phy DF OF
1 Matt Hunwick Steve Oleksy 60 1 2 2
2 Andrew MacDonald Keaton Ellerby 40 1 2 2
4 vs 4 Forward
Center Wing Time % Phy DF OF
1 Ben Maxwell Igor Makarov 60 1 2 2
2 Scott Timmins Dan Bertram 40 1 2 2
4 vs 4 Defense
Defense Defense Time % Phy DF OF
1 Matt Hunwick Keaton Ellerby 60 1 2 2
2 Andrew MacDonald Calvin de Haan 40 1 2 2
Last Minutes Offensive
Center Left Wing Right Wing Defense Defense
Patrice Cormier Dan Bertram Igor Makarov Andrew MacDonald Calvin de Haan
Last Minutes Defensive
Center Left Wing Right Wing Defense Defense
Patrice Cormier Sergei Plotnikov Igor Makarov Matt Hunwick Keaton Ellerby
Goaltenders
Starting : Sebastien Caron
Backup : Matt Hackett
Extra Forwards
Normal : Ben Maxwell, Scott Timmins, Igor Makarov - PP : Ben Maxwell, Scott Timmins - PK : Scott Timmins
Extra Defensemen
Normal : Oscar Klefbom, Steve Oleksy, Calvin de Haan - PP : Steve Oleksy - PK : Calvin de Haan, Oscar Klefbom
Penalty Shots
Dan Bertram, Igor Makarov, Ben Maxwell, Andreas Martinsen, Scott Timmins
Staline
5 vs 5 Forward
Center Left Wing Right Wing Time % Phy DF OF
1 David Desharnais Matt Pettinger Steven Goertzen 40 1 2 2
2 Cody Eakin Nick Spaling Tobias Rieder 30 1 2 2
3 Corey Trivino James Sheppard Danny Kristo 20 1 2 2
4 Brandon Mashinter Bryan Bickell Barclay Goodrow 10 1 2 2
5 vs 5 Defense
Defense Defense Time % Phy DF OF
1 Stu Bickel Keith Yandle 40 1 2 2
2 Jon Merrill Brandon Burlon 30 1 2 2
3 Philip Larsen Dustin Kohn 20 1 2 2
4 Stu Bickel Keith Yandle 10 1 2 2
PowerPlay Forward
Center Left Wing Right Wing Time % Phy DF OF
1 David Desharnais Matt Pettinger Steven Goertzen 60 1 2 2
2 Cody Eakin Nick Spaling Tobias Rieder 40 1 2 2
PowerPlay Defense
Defense Defense Time % Phy DF OF
1 Stu Bickel Keith Yandle 60 1 2 2
2 Dustin Kohn Brandon Burlon 40 1 2 2
Penalty Kill 4 Players Forward
Center Wing Time % Phy DF OF
1 Matt Pettinger Steven Goertzen 60 1 2 2
2 Nick Spaling David Desharnais 40 1 2 2
Penalty Kill 4 Players Defense
Defense Defense Time % Phy DF OF
1 Stu Bickel Jon Merrill 60 1 2 2
2 Dustin Kohn Brandon Burlon 40 1 2 2
Penalty Kill - 3 Players Forward
Forward Time % Phy DF OF
1 Matt Pettinger 60 1 2 2
2 Steven Goertzen 40 1 2 2
Penalty Kill - 3 Players Defense
Defense Defense Time % Phy DF OF
1 Stu Bickel Jon Merrill 60 1 2 2
2 Dustin Kohn Brandon Burlon 40 1 2 2
4 vs 4 Forward
Center Wing Time % Phy DF OF
1 Matt Pettinger Steven Goertzen 60 1 2 2
2 Nick Spaling David Desharnais 40 1 2 2
4 vs 4 Defense
Defense Defense Time % Phy DF OF
1 Stu Bickel Keith Yandle 60 1 2 2
2 Dustin Kohn Brandon Burlon 40 1 2 2
Last Minutes Offensive
Center Left Wing Right Wing Defense Defense
David Desharnais Matt Pettinger Steven Goertzen Stu Bickel Keith Yandle
Last Minutes Defensive
Center Left Wing Right Wing Defense Defense
David Desharnais Matt Pettinger Steven Goertzen Stu Bickel Keith Yandle
Goaltenders
Starting : Allen York
Backup : Joni Ortio
Extra Forwards
Normal : James Sheppard, Corey Trivino, Bryan Bickell - PP : James Sheppard, Corey Trivino - PK : Bryan Bickell
Extra Defensemen
Normal : Philip Larsen, Jon Merrill, Dustin Kohn - PP : Philip Larsen - PK : Jon Merrill, Dustin Kohn
Penalty Shots
Matt Pettinger, Steven Goertzen, Nick Spaling, David Desharnais, James Sheppard
% Time on Ice - Blackdemons
Lines # - Real PCT - Wanted PCT - Time Play
Normal Forward
1 - 35% - 40% - 16:19
2 - 29% - 30% - 13:08
3 - 20% - 20% - 9:03
4 - 16% - 10% - 7:28
Normal Defense
1 - 42% - 40% - 19:05
2 - 30% - 30% - 13:39
3 - 21% - 20% - 9:28
4 - 8% - 10% - 3:46
PP Forward
1 - 55% - 60% - 5:35
2 - 45% - 40% - 4:29
PP Defense
1 - 58% - 60% - 5:49
2 - 42% - 40% - 4:15
PK Forward
1 - 81% - 60% - 3:12
2 - 19% - 40% - 0:46
PK Defense
1 - 63% - 60% - 2:30
2 - 37% - 40% - 1:28
PK3 Forward
1 - 0% - 60%
2 - 0% - 40%
PK3 Defense
1 - 0% - 60%
2 - 0% - 40%
44 Forward
1 - 0% - 60%
2 - 0% - 40%
44 Defense
1 - 0% - 60%
2 - 0% - 40%
Last Minute Offensive - 0:00
Last Minute Defensive - 0:00
Total
Forward - 60:00
Defense - 60:00
|
% Time on Ice - Staline
Lines # - Real PCT - Wanted PCT - Time Play
Normal Forward
1 - 34% - 40% - 15:33
2 - 28% - 30% - 12:52
3 - 23% - 20% - 10:29
4 - 15% - 10% - 7:04
Normal Defense
1 - 40% - 40% - 18:15
2 - 34% - 30% - 15:35
3 - 20% - 20% - 9:02
4 - 7% - 10% - 3:06
PP Forward
1 - 55% - 60% - 2:11
2 - 45% - 40% - 1:47
PP Defense
1 - 62% - 60% - 2:28
2 - 38% - 40% - 1:30
PK Forward
1 - 71% - 60% - 7:06
2 - 29% - 40% - 2:58
PK Defense
1 - 65% - 60% - 6:35
2 - 35% - 40% - 3:29
PK3 Forward
1 - 0% - 60%
2 - 0% - 40%
PK3 Defense
1 - 0% - 60%
2 - 0% - 40%
44 Forward
1 - 0% - 60%
2 - 0% - 40%
44 Defense
1 - 0% - 60%
2 - 0% - 40%
Last Minute Offensive - 0:00
Last Minute Defensive - 0:00
Total
Forward - 60:00
Defense - 60:00
|
Play by Play
1st period
0:01 of 1st period - Patrice Cormier wins face-off versus David Desharnais in neutral zone.
0:39 of 1st period - Jon Merrill is hit by Igor Makarov and loses puck.
3:29 of 1st period - Ben Maxwell is hit by Nick Spaling and loses puck.
3:36 of 1st period - Snap shot by Dustin Kohn.
3:36 of 1st period - Stopped by Sebastien Caron without a rebound.
3:37 of 1st period - David Desharnais wins face-off versus Sergei Plotnikov in Blackdemons zone.
4:06 of 1st period - Snap shot by Nick Spaling.
4:06 of 1st period - Shot Misses the Net.
5:28 of 1st period - Wrist shot by Cody Eakin.
5:28 of 1st period - Stopped by Sebastien Caron with a rebound.
5:31 of 1st period - Icing by Calvin de Haan.
5:32 of 1st period - Cody Eakin wins face-off versus Kyle Rau in Blackdemons zone.
5:37 of 1st period - Wrist shot by Cody Eakin.
5:37 of 1st period - Stopped by Sebastien Caron with a rebound.
5:39 of 1st period - Wrist shot by Nick Spaling.
5:39 of 1st period - Stopped by Sebastien Caron with a rebound.
5:41 of 1st period - Slapshot by Jon Merrill.
5:41 of 1st period - Stopped by Sebastien Caron with a rebound.
5:43 of 1st period - Slapshot by Jon Merrill.
5:43 of 1st period - Shot Blocked by Andrew MacDonald.
5:45 of 1st period - Wrist shot by Nick Spaling.
5:45 of 1st period - Stopped by Sebastien Caron without a rebound.
5:46 of 1st period - Sergei Plotnikov wins face-off versus David Desharnais in Blackdemons zone.
6:15 of 1st period - Off-side.
6:16 of 1st period - Igor Makarov wins face-off versus David Desharnais in neutral zone.
6:47 of 1st period - Slapshot by Cody Eakin.
6:47 of 1st period - Stopped by Sebastien Caron with a rebound.
6:49 of 1st period - Snap shot by Nick Spaling.
6:49 of 1st period - Deflect By Cody Eakin.
6:49 of 1st period - Shot Blocked by Andrew MacDonald.
6:49 of 1st period - Puck is out of play.
6:50 of 1st period - Patrice Cormier wins face-off versus David Desharnais in Blackdemons zone.
6:54 of 1st period - Off-side.
6:55 of 1st period - David Desharnais wins face-off versus Patrice Cormier in neutral zone.
9:11 of 1st period - Bryan Rust is hit by Nick Spaling and loses puck.
9:24 of 1st period - Snap shot by Bryan Rust.
9:24 of 1st period - Shot Misses the Net.
9:26 of 1st period - Slapshot by Blake Pietila.
9:26 of 1st period - Shot Misses the Net.
9:28 of 1st period - Wrist shot by Bryan Rust.
9:28 of 1st period - Goal by Bryan Rust - Blackdemons : 1 - Staline : 0.
9:29 of 1st period - Patrice Cormier wins face-off versus David Desharnais in neutral zone.
9:39 of 1st period - Calvin de Haan is hit by Steven Goertzen and loses puck.
10:14 of 1st period - Wrist shot by Matt Pettinger.
10:14 of 1st period - Stopped by Sebastien Caron without a rebound.
10:15 of 1st period - Andreas Martinsen wins face-off versus Cody Eakin in Blackdemons zone.
11:03 of 1st period - Barclay Goodrow is hit by Scott Wilson and loses puck.
11:08 of 1st period - Slapshot by Andrew MacDonald.
11:08 of 1st period - Stopped by Allen York with a rebound.
11:24 of 1st period - Jon Merrill is hit by Andrew MacDonald and loses puck.
11:54 of 1st period - Sergei Plotnikov is hit by David Desharnais.
12:16 of 1st period - Snap shot by Andreas Martinsen.
12:16 of 1st period - Goal by Andreas Martinsen - Blackdemons : 2 - Staline : 0.
12:17 of 1st period - Patrice Cormier wins face-off versus David Desharnais in neutral zone.
12:50 of 1st period - Snap shot by James Sheppard.
12:50 of 1st period - Shot Misses the Net.
12:52 of 1st period - Slapshot by Philip Larsen.
12:52 of 1st period - Deflect By James Sheppard.
12:52 of 1st period - Goal by James Sheppard - Blackdemons : 2 - Staline : 1.
12:53 of 1st period - Kyle Rau wins face-off versus David Desharnais in neutral zone.
13:18 of 1st period - Patrice Cormier is hit by Cody Eakin and loses puck.
13:25 of 1st period - Slapshot by Nick Spaling.
13:25 of 1st period - Stopped by Sebastien Caron without a rebound.
13:26 of 1st period - Patrice Cormier wins face-off versus David Desharnais in Blackdemons zone.
13:31 of 1st period - Slapshot by Sergei Plotnikov.
13:31 of 1st period - Stopped by Allen York with a rebound.
13:33 of 1st period - Slapshot by Oscar Klefbom.
13:33 of 1st period - Stopped by Allen York with a rebound.
13:35 of 1st period - Snap shot by Sergei Plotnikov.
13:35 of 1st period - Stopped by Allen York without a rebound.
13:36 of 1st period - Patrice Cormier wins face-off versus David Desharnais in Staline zone.
13:37 of 1st period - Wrist shot by Dan Bertram.
13:37 of 1st period - Shot Misses the Net.
13:56 of 1st period - Double Minor Penalty to Keith Yandle for Roughing.
13:57 of 1st period - Dan Bertram wins face-off versus Matt Pettinger in Staline zone.
14:09 of 1st period - Wrist shot by Dan Bertram.
14:09 of 1st period - Shot Misses the Net.
14:11 of 1st period - Slapshot by Andrew MacDonald.
14:11 of 1st period - Deflect By Sergei Plotnikov.
14:11 of 1st period - Stopped by Allen York with a rebound.
14:13 of 1st period - Slapshot by Andrew MacDonald.
14:13 of 1st period - Shot Misses the Net.
14:29 of 1st period - Snap shot by Igor Makarov.
14:29 of 1st period - Stopped by Allen York with a rebound.
15:19 of 1st period - Kyle Rau is hit by Brandon Burlon and loses puck.
15:26 of 1st period - Slapshot by David Desharnais.
15:26 of 1st period - Deflect By Nick Spaling.
15:26 of 1st period - Goal by Nick Spaling - Blackdemons : 2 - Staline : 2.
15:27 of 1st period - Matt Pettinger wins face-off versus Patrice Cormier in neutral zone.
15:30 of 1st period - Snap shot by Steven Goertzen.
15:30 of 1st period - Deflect By Matt Pettinger.
15:30 of 1st period - Shot Misses the Net.
15:30 of 1st period - Puck is out of play.
15:31 of 1st period - Matt Pettinger wins face-off versus Patrice Cormier in Blackdemons zone.
16:08 of 1st period - Snap shot by Matt Pettinger.
16:08 of 1st period - Shot Misses the Net.
17:43 of 1st period - Matt Pettinger is hit by Andrew MacDonald and loses puck.
17:51 of 1st period - Icing by Oscar Klefbom.
17:52 of 1st period - Ben Maxwell wins face-off versus Nick Spaling in Blackdemons zone.
17:56 of 1st period - Penalty to Keith Yandle is over, Keith Yandle is back on ice.
18:05 of 1st period - David Desharnais is hit by Andrew MacDonald and loses puck.
18:29 of 1st period - Snap shot by David Desharnais.
18:29 of 1st period - Stopped by Sebastien Caron with a rebound.
18:31 of 1st period - Slapshot by Philip Larsen.
18:31 of 1st period - Deflect By Nick Spaling.
18:31 of 1st period - Shot Misses the Net.
18:31 of 1st period - Puck is out of play.
18:32 of 1st period - Kyle Rau wins face-off versus Brandon Mashinter in Blackdemons zone.
18:32 of 1st period - Kyle Rau is hit by Bryan Bickell.
18:40 of 1st period - Snap shot by Igor Makarov.
18:40 of 1st period - Shot Blocked by Dustin Kohn.
18:42 of 1st period - Snap shot by Igor Makarov.
18:42 of 1st period - Goal by Igor Makarov - Blackdemons : 3 - Staline : 2.
18:43 of 1st period - David Desharnais wins face-off versus Andreas Martinsen in neutral zone.
19:08 of 1st period - Dan Bertram is hit by James Sheppard and loses puck.
19:13 of 1st period - Wrist shot by Danny Kristo.
19:13 of 1st period - Stopped by Sebastien Caron with a rebound.
19:15 of 1st period - Slapshot by James Sheppard.
19:15 of 1st period - Shot Blocked by Oscar Klefbom.
19:17 of 1st period - Slapshot by Jon Merrill.
19:17 of 1st period - Shot Blocked by Dan Bertram.
19:30 of 1st period - Minor Penalty to Cody Eakin for Roughing.
19:31 of 1st period - Patrice Cormier wins face-off versus Matt Pettinger in Staline zone.
19:38 of 1st period - Wrist shot by Patrice Cormier.
19:38 of 1st period - Goal by Patrice Cormier - Blackdemons : 4 - Staline : 2.
19:38 of 1st period - Joni Ortio enters game.
19:39 of 1st period - Steven Goertzen wins face-off versus Kyle Rau in neutral zone.
19:50 of 1st period - Snap shot by Steven Goertzen.
19:50 of 1st period - Shot Misses the Net.
Goals for this period are 4 for Blackdemons vs 2 for Staline.
Shots for this period are 10 for Blackdemons vs 13 for Staline.
2nd period
0:01 of 2nd period - David Desharnais wins face-off versus Patrice Cormier in neutral zone.
0:16 of 2nd period - Slapshot by Calvin de Haan.
0:16 of 2nd period - Stopped by Joni Ortio without a rebound.
0:17 of 2nd period - Tobias Rieder wins face-off versus Kyle Rau in Staline zone.
1:07 of 2nd period - James Sheppard is hit by Calvin de Haan and loses puck.
1:12 of 2nd period - Wrist shot by Ben Maxwell.
1:12 of 2nd period - Stopped by Joni Ortio without a rebound.
1:13 of 2nd period - Kyle Rau wins face-off versus Cody Eakin in Staline zone.
1:44 of 2nd period - Snap shot by Igor Makarov.
1:44 of 2nd period - Shot Blocked by Danny Kristo.
1:46 of 2nd period - Snap shot by Igor Makarov.
1:46 of 2nd period - Shot Misses the Net.
2:04 of 2nd period - Snap shot by Igor Makarov.
2:04 of 2nd period - Shot Misses the Net.
2:34 of 2nd period - Snap shot by Igor Makarov.
2:34 of 2nd period - Stopped by Joni Ortio with a rebound.
3:13 of 2nd period - Wrist shot by Andreas Martinsen.
3:13 of 2nd period - Shot Misses the Net.
3:19 of 2nd period - Snap shot by Igor Makarov.
3:19 of 2nd period - Shot Blocked by Stu Bickel.
3:21 of 2nd period - Slapshot by Andreas Martinsen.
3:21 of 2nd period - Deflect By Kyle Rau.
3:21 of 2nd period - Stopped by Joni Ortio without a rebound.
3:22 of 2nd period - David Desharnais wins face-off versus Dan Bertram in Staline zone.
3:27 of 2nd period - Slapshot by Steven Goertzen.
3:27 of 2nd period - Stopped by Sebastien Caron without a rebound.
3:28 of 2nd period - David Desharnais wins face-off versus Patrice Cormier in Blackdemons zone.
4:03 of 2nd period - Slapshot by Oscar Klefbom.
4:03 of 2nd period - Stopped by Joni Ortio without a rebound.
4:04 of 2nd period - Patrice Cormier wins face-off versus Corey Trivino in Staline zone.
4:07 of 2nd period - Wrist shot by Patrice Cormier.
4:07 of 2nd period - Deflect By Sergei Plotnikov.
4:07 of 2nd period - Stopped by Joni Ortio without a rebound.
4:08 of 2nd period - Patrice Cormier wins face-off versus Corey Trivino in Staline zone.
4:17 of 2nd period - Wrist shot by Andrew MacDonald.
4:17 of 2nd period - Stopped by Joni Ortio with a rebound.
5:04 of 2nd period - Slapshot by Stu Bickel.
5:04 of 2nd period - Shot Misses the Net.
5:06 of 2nd period - Wrist shot by Cody Eakin.
5:06 of 2nd period - Shot Misses the Net.
5:22 of 2nd period - Barclay Goodrow is hit by Dan Bertram and loses puck.
5:49 of 2nd period - Snap shot by Stu Bickel.
5:49 of 2nd period - Shot Misses the Net.
5:51 of 2nd period - Snap shot by James Sheppard.
5:51 of 2nd period - Stopped by Sebastien Caron with a rebound.
5:53 of 2nd period - Slapshot by Danny Kristo.
5:53 of 2nd period - Deflect By Corey Trivino.
5:53 of 2nd period - Shot Blocked by Steve Oleksy.
5:53 of 2nd period - Puck is out of play.
5:54 of 2nd period - David Desharnais wins face-off versus Patrice Cormier in Blackdemons zone.
5:57 of 2nd period - Wrist shot by Matt Pettinger.
5:57 of 2nd period - Goal by Matt Pettinger - Blackdemons : 4 - Staline : 3.
5:58 of 2nd period - David Desharnais wins face-off versus Patrice Cormier in neutral zone.
6:23 of 2nd period - Matt Pettinger is hit by Igor Makarov and loses puck.
6:50 of 2nd period - Wrist shot by Ben Maxwell.
6:50 of 2nd period - Deflect By Bryan Rust.
6:50 of 2nd period - Stopped by Joni Ortio with a rebound.
6:52 of 2nd period - Slapshot by Andrew MacDonald.
6:52 of 2nd period - Stopped by Joni Ortio with a rebound.
7:07 of 2nd period - Minor Penalty to Jon Merrill for Hooking.
7:08 of 2nd period - Matt Pettinger wins face-off versus Patrice Cormier in Staline zone.
7:33 of 2nd period - Nick Spaling is hit by Andreas Martinsen and loses puck.
7:38 of 2nd period - Snap shot by Andreas Martinsen.
7:38 of 2nd period - Shot Blocked by Dustin Kohn.
8:04 of 2nd period - Calvin de Haan is hit by Bryan Bickell.
9:07 of 2nd period - Penalty to Jon Merrill is over, Jon Merrill is back on ice.
9:34 of 2nd period - Bryan Rust is hit by Nick Spaling and loses puck.
10:01 of 2nd period - Ben Maxwell is hit by Steven Goertzen and loses puck.
10:59 of 2nd period - Wrist shot by Cody Eakin.
10:59 of 2nd period - Stopped by Sebastien Caron with a rebound.
12:01 of 2nd period - Off-side.
12:02 of 2nd period - Cody Eakin wins face-off versus Patrice Cormier in neutral zone.
12:15 of 2nd period - Snap shot by Patrice Cormier.
12:15 of 2nd period - Shot Misses the Net.
12:17 of 2nd period - Snap shot by Dan Bertram.
12:17 of 2nd period - Goal by Dan Bertram - Blackdemons : 5 - Staline : 3.
12:18 of 2nd period - David Desharnais wins face-off versus Patrice Cormier in neutral zone.
12:32 of 2nd period - Minor Penalty to Dan Bertram for Hooking.
12:33 of 2nd period - David Desharnais wins face-off versus Ben Maxwell in Blackdemons zone.
12:43 of 2nd period - Wrist shot by Matt Pettinger.
12:43 of 2nd period - Shot Misses the Net.
12:49 of 2nd period - Wrist shot by David Desharnais.
12:49 of 2nd period - Shot Blocked by Matt Hunwick.
14:31 of 2nd period - Snap shot by Keith Yandle.
14:31 of 2nd period - Deflect By Corey Trivino.
14:31 of 2nd period - Goal by Corey Trivino - Blackdemons : 5 - Staline : 4.
14:32 of 2nd period - Patrice Cormier wins face-off versus Corey Trivino in neutral zone.
15:24 of 2nd period - Snap shot by Tobias Rieder.
15:24 of 2nd period - Shot Blocked by Oscar Klefbom.
15:26 of 2nd period - Snap shot by Cody Eakin.
15:26 of 2nd period - Shot Misses the Net.
15:44 of 2nd period - Slapshot by Oscar Klefbom.
15:44 of 2nd period - Shot Blocked by Brandon Mashinter.
15:55 of 2nd period - Icing by Danny Kristo.
15:56 of 2nd period - Corey Trivino wins face-off versus Patrice Cormier in Staline zone.
16:29 of 2nd period - Wrist shot by Andreas Martinsen.
16:29 of 2nd period - Shot Blocked by Stu Bickel.
16:41 of 2nd period - Steven Goertzen is hit by Steve Oleksy and loses puck.
16:54 of 2nd period - Max Friberg is hit by Matt Pettinger and loses puck.
17:23 of 2nd period - Snap shot by Matt Pettinger.
17:23 of 2nd period - Shot Misses the Net.
17:25 of 2nd period - Wrist shot by Steven Goertzen.
17:25 of 2nd period - Shot Misses the Net.
17:27 of 2nd period - Snap shot by Steven Goertzen.
17:27 of 2nd period - Stopped by Sebastien Caron without a rebound.
17:28 of 2nd period - Tobias Rieder wins face-off versus Kyle Rau in Blackdemons zone.
17:37 of 2nd period - Slapshot by Nick Spaling.
17:37 of 2nd period - Deflect By Tobias Rieder.
17:37 of 2nd period - Stopped by Sebastien Caron with a rebound.
18:16 of 2nd period - Brandon Mashinter is hit by Blake Pietila and loses puck.
18:23 of 2nd period - Snap shot by Ben Maxwell.
18:23 of 2nd period - Shot Blocked by Jon Merrill.
18:25 of 2nd period - Slapshot by Oscar Klefbom.
18:25 of 2nd period - Deflect By Ben Maxwell.
18:25 of 2nd period - Stopped by Joni Ortio with a rebound.
18:27 of 2nd period - Slapshot by Keaton Ellerby.
18:27 of 2nd period - Deflect By Blake Pietila.
18:27 of 2nd period - Stopped by Joni Ortio without a rebound.
18:28 of 2nd period - Nick Spaling wins face-off versus Kyle Rau in Staline zone.
18:53 of 2nd period - James Sheppard is hit by Steve Oleksy and loses puck.
19:00 of 2nd period - Slapshot by Oscar Klefbom.
19:00 of 2nd period - Shot Blocked by Jon Merrill.
19:02 of 2nd period - Wrist shot by Keaton Ellerby.
19:02 of 2nd period - Shot Blocked by Danny Kristo.
19:04 of 2nd period - Slapshot by Keaton Ellerby.
19:04 of 2nd period - Deflect By Patrice Cormier.
19:04 of 2nd period - Shot Blocked by Jon Merrill.
19:04 of 2nd period - Puck is out of play.
19:05 of 2nd period - Blake Pietila wins face-off versus David Desharnais in Staline zone.
19:55 of 2nd period - Slapshot by Danny Kristo.
19:55 of 2nd period - Stopped by Sebastien Caron without a rebound.
19:56 of 2nd period - David Desharnais wins face-off versus Kyle Rau in Blackdemons zone.
19:59 of 2nd period - Snap shot by Steven Goertzen.
19:59 of 2nd period - Shot Misses the Net.
Goals for this period are 1 for Blackdemons vs 2 for Staline.
Shots for this period are 12 for Blackdemons vs 8 for Staline.
3rd period
0:01 of 3rd period - David Desharnais wins face-off versus Patrice Cormier in neutral zone.
0:14 of 3rd period - Snap shot by Patrice Cormier.
0:14 of 3rd period - Deflect By Dan Bertram.
0:14 of 3rd period - Stopped by Joni Ortio without a rebound.
0:15 of 3rd period - Kyle Rau wins face-off versus Cody Eakin in Staline zone.
0:15 of 3rd period - Kyle Rau is hit by Nick Spaling.
0:21 of 3rd period - Snap shot by Andreas Martinsen.
0:21 of 3rd period - Deflect By Keith Yandle.
0:21 of 3rd period - Shot Misses the Net.
0:21 of 3rd period - Puck is out of play.
0:22 of 3rd period - Kyle Rau wins face-off versus Cody Eakin in Staline zone.
0:33 of 3rd period - Snap shot by Andreas Martinsen.
0:33 of 3rd period - Shot Blocked by Keith Yandle.
0:35 of 3rd period - Wrist shot by Kyle Rau.
0:35 of 3rd period - Deflect By Cody Eakin.
0:35 of 3rd period - Stopped by Joni Ortio with a rebound.
0:44 of 3rd period - Icing by Keith Yandle.
0:45 of 3rd period - Patrice Cormier wins face-off versus David Desharnais in Staline zone.
0:46 of 3rd period - Slapshot by Oscar Klefbom.
0:46 of 3rd period - Shot Misses the Net.
0:48 of 3rd period - Backhand shot by Dan Bertram.
0:48 of 3rd period - Stopped by Joni Ortio with a rebound.
0:50 of 3rd period - Snap shot by Dan Bertram.
0:50 of 3rd period - Stopped by Joni Ortio with a rebound.
0:56 of 3rd period - Slapshot by Patrice Cormier.
0:56 of 3rd period - Stopped by Joni Ortio with a rebound.
0:58 of 3rd period - Snap shot by Dan Bertram.
0:58 of 3rd period - Shot Blocked by Keith Yandle.
1:10 of 3rd period - Stu Bickel is hit by Kyle Rau and loses puck.
1:33 of 3rd period - Bryan Rust is hit by Corey Trivino.
2:08 of 3rd period - Slapshot by Brandon Mashinter.
2:08 of 3rd period - Shot Blocked by Steve Oleksy.
3:11 of 3rd period - Steven Goertzen is hit by Patrice Cormier and loses puck.
3:28 of 3rd period - Backhand shot by Keith Yandle.
3:28 of 3rd period - Stopped by Sebastien Caron without a rebound.
3:29 of 3rd period - Brandon Mashinter wins face-off versus Scott Timmins in Blackdemons zone.
3:59 of 3rd period - Minor Penalty to Keith Yandle for Hooking.
4:00 of 3rd period - Matt Pettinger wins face-off versus Patrice Cormier in Staline zone.
4:12 of 3rd period - Slapshot by Andrew MacDonald.
4:12 of 3rd period - Deflect By Patrice Cormier.
4:12 of 3rd period - Stopped by Joni Ortio without a rebound.
4:13 of 3rd period - Matt Pettinger wins face-off versus Patrice Cormier in Staline zone.
4:30 of 3rd period - Steven Goertzen is hit by Patrice Cormier and loses puck.
5:59 of 3rd period - Penalty to Keith Yandle is over, Keith Yandle is back on ice.
6:05 of 3rd period - Andrew MacDonald is hit by Nick Spaling.
7:02 of 3rd period - Slapshot by Dustin Kohn.
7:02 of 3rd period - Stopped by Sebastien Caron with a rebound.
7:26 of 3rd period - Danny Kristo is hit by Scott Wilson and loses puck.
7:41 of 3rd period - Igor Makarov is hit by Tobias Rieder and loses puck.
8:30 of 3rd period - Wrist shot by Max Friberg.
8:30 of 3rd period - Deflect By Scott Timmins.
8:30 of 3rd period - Shot Misses the Net.
8:30 of 3rd period - Puck is out of play.
8:31 of 3rd period - Scott Timmins wins face-off versus Corey Trivino in Staline zone.
8:32 of 3rd period - Slapshot by Andrew MacDonald.
8:32 of 3rd period - Stopped by Joni Ortio with a rebound.
8:34 of 3rd period - Wrist shot by Max Friberg.
8:34 of 3rd period - Stopped by Joni Ortio with a rebound.
8:36 of 3rd period - Wrist shot by Max Friberg.
8:36 of 3rd period - Shot Blocked by James Sheppard.
8:38 of 3rd period - Slapshot by Andrew MacDonald.
8:38 of 3rd period - Stopped by Joni Ortio without a rebound.
8:39 of 3rd period - Patrice Cormier wins face-off versus David Desharnais in Staline zone.
8:46 of 3rd period - Snap shot by Patrice Cormier.
8:46 of 3rd period - Stopped by Joni Ortio with a rebound.
8:48 of 3rd period - Slapshot by Calvin de Haan.
8:48 of 3rd period - Deflect By Matt Pettinger.
8:48 of 3rd period - Stopped by Joni Ortio with a rebound.
8:50 of 3rd period - Snap shot by Patrice Cormier.
8:50 of 3rd period - Shot Misses the Net.
8:52 of 3rd period - Slapshot by Dan Bertram.
8:52 of 3rd period - Goal by Dan Bertram - Blackdemons : 6 - Staline : 4.
8:53 of 3rd period - Patrice Cormier wins face-off versus David Desharnais in neutral zone.
9:05 of 3rd period - Slapshot by Patrice Cormier.
9:05 of 3rd period - Shot Blocked by Stu Bickel.
9:19 of 3rd period - Oscar Klefbom is hit by Cody Eakin and loses puck.
9:24 of 3rd period - Snap shot by Tobias Rieder.
9:24 of 3rd period - Shot Misses the Net.
10:04 of 3rd period - Wrist shot by Brandon Mashinter.
10:04 of 3rd period - Deflect By Barclay Goodrow.
10:04 of 3rd period - Goal by Barclay Goodrow - Blackdemons : 6 - Staline : 5.
10:05 of 3rd period - David Desharnais wins face-off versus Patrice Cormier in neutral zone.
10:07 of 3rd period - Keith Yandle is hit by Andrew MacDonald.
10:17 of 3rd period - Slapshot by Calvin de Haan.
10:17 of 3rd period - Shot Blocked by Steven Goertzen.
10:19 of 3rd period - Slapshot by Calvin de Haan.
10:19 of 3rd period - Stopped by Joni Ortio without a rebound.
10:20 of 3rd period - Kyle Rau wins face-off versus Cody Eakin in Staline zone.
10:54 of 3rd period - Snap shot by Matt Pettinger.
10:54 of 3rd period - Shot Misses the Net.
10:56 of 3rd period - Slapshot by Brandon Burlon.
10:56 of 3rd period - Shot Misses the Net.
11:35 of 3rd period - Wrist shot by Brandon Mashinter.
11:35 of 3rd period - Shot Misses the Net.
11:45 of 3rd period - Minor Penalty to Barclay Goodrow for Boarding.
11:46 of 3rd period - Matt Pettinger wins face-off versus Sergei Plotnikov in Staline zone.
11:46 of 3rd period - Matt Pettinger is hit by Sergei Plotnikov.
11:58 of 3rd period - Stu Bickel is hit by Oscar Klefbom and loses puck.
12:17 of 3rd period - Slapshot by Calvin de Haan.
12:17 of 3rd period - Shot Blocked by Jon Merrill.
12:21 of 3rd period - Snap shot by Igor Makarov.
12:21 of 3rd period - Shot Misses the Net.
13:28 of 3rd period - Wrist shot by James Sheppard.
13:28 of 3rd period - Shot Misses the Net.
13:45 of 3rd period - Penalty to Barclay Goodrow is over, Barclay Goodrow is back on ice.
14:10 of 3rd period - Icing by Dustin Kohn.
14:11 of 3rd period - Ben Maxwell wins face-off versus David Desharnais in Staline zone.
14:29 of 3rd period - Minor Penalty to Blake Pietila for Holding.
14:30 of 3rd period - David Desharnais wins face-off versus Ben Maxwell in Blackdemons zone.
15:04 of 3rd period - Ben Maxwell is hit by Steven Goertzen and loses puck.
15:31 of 3rd period - Steve Oleksy is hit by Keith Yandle and loses puck.
16:26 of 3rd period - Ben Maxwell is hit by James Sheppard and loses puck.
16:29 of 3rd period - Penalty to Blake Pietila is over, Blake Pietila is back on ice.
16:45 of 3rd period - Slapshot by Matt Hunwick.
16:45 of 3rd period - Shot Blocked by Dustin Kohn.
16:59 of 3rd period - Snap shot by Igor Makarov.
16:59 of 3rd period - Goal by Igor Makarov - Blackdemons : 7 - Staline : 5.
17:00 of 3rd period - Corey Trivino wins face-off versus Patrice Cormier in neutral zone.
17:13 of 3rd period - Wrist shot by Dan Bertram.
17:13 of 3rd period - Goal by Dan Bertram - Blackdemons : 8 - Staline : 5.
17:14 of 3rd period - Dan Bertram wins face-off versus David Desharnais in neutral zone.
17:25 of 3rd period - Wrist shot by Dan Bertram.
17:25 of 3rd period - Deflect By Keith Yandle.
17:25 of 3rd period - Stopped by Joni Ortio with a rebound.
17:30 of 3rd period - Icing by Stu Bickel.
17:31 of 3rd period - Kyle Rau wins face-off versus David Desharnais in Staline zone.
17:44 of 3rd period - Wrist shot by Igor Makarov.
17:44 of 3rd period - Deflect By Andreas Martinsen.
17:44 of 3rd period - Stopped by Joni Ortio with a rebound.
17:46 of 3rd period - Snap shot by Igor Makarov.
17:46 of 3rd period - Shot Blocked by Stu Bickel.
17:57 of 3rd period - Off-side.
17:58 of 3rd period - Cody Eakin wins face-off versus Patrice Cormier in neutral zone.
18:05 of 3rd period - Slapshot by Dustin Kohn.
18:05 of 3rd period - Shot Blocked by Sergei Plotnikov.
18:23 of 3rd period - Keaton Ellerby is hit by Steven Goertzen and loses puck.
18:30 of 3rd period - Wrist shot by David Desharnais.
18:30 of 3rd period - Shot Misses the Net.
18:32 of 3rd period - Snap shot by David Desharnais.
18:32 of 3rd period - Shot Misses the Net.
18:34 of 3rd period - Slapshot by Keith Yandle.
18:34 of 3rd period - Shot Misses the Net.
18:36 of 3rd period - Snap shot by Steven Goertzen.
18:36 of 3rd period - Deflect By David Desharnais.
18:36 of 3rd period - Stopped by Sebastien Caron with a rebound.
18:50 of 3rd period - Oscar Klefbom is hit by Stu Bickel.
18:58 of 3rd period - Slapshot by Keith Yandle.
18:58 of 3rd period - Shot Misses the Net.
19:08 of 3rd period - Backhand shot by Andrew MacDonald.
19:08 of 3rd period - Stopped by Joni Ortio without a rebound.
19:09 of 3rd period - James Sheppard wins face-off versus Patrice Cormier in Staline zone.
19:39 of 3rd period - Wrist shot by Scott Timmins.
19:39 of 3rd period - Stopped by Joni Ortio with a rebound.
19:43 of 3rd period - Slapshot by Scott Timmins.
19:43 of 3rd period - Shot Blocked by Brandon Burlon.
19:45 of 3rd period - Slapshot by Matt Hunwick.
19:45 of 3rd period - Shot Misses the Net.
19:59 of 3rd period - Wrist shot by Matt Pettinger.
19:59 of 3rd period - Shot Blocked by Bryan Rust.
Goals for this period are 3 for Blackdemons vs 1 for Staline.
Shots for this period are 19 for Blackdemons vs 4 for Staline.
Back to the Top